 Dungeon Crawl Stone Soup version 0.31.0-11-ge490571c62 (webtiles) character file.

Game seed: 6111966654635333573

116 SnakkuSnakku7 the Chopper (level 4, -1/35 HPs)
             Began as an Armataur Hedge Wizard on Jan 27, 2024.
             Slain by an iguana (9 damage)
             ... on level 5 of the Dungeon.
             The game lasted 00:02:58 (2048 turns).

SnakkuSnakku7 the Chopper (Armataur Hedge Wizard)   Turns: 2048, Time: 00:02:59

Health: -1/35      AC:  6    Str: 18    XL:     4   Next: 70%
Magic:  8/8        EV:  7    Int: 14    God:
Gold:   193        SH:  0    Dex:  9    Spells: 7/8 levels left

rFire   . . .        a - +0 hand axe
rCold   . . .        (no shield)
rNeg    . . .        k - +0 scale mail
rPois   .            c - +0 hat
rElec   .            (no cloak)
rCorr   .            (no gloves)
SInv    .            (no barding)
Will    .....        (no amulet) Stlth
                     (no ring)
HPRegen 0.25/turn    (no ring)
MPRegen 0.11/turn

%: roll
@: no status effects
A: large, deformed body, tough skin 3, armoured tail, roll 1
a: no special abilities


You were on level 5 of the Dungeon.
You visited 1 branch of the dungeon, and saw 5 of its levels.

You collected 193 gold pieces.

Inventory:

Hand Weapons
 a - a +0 hand axe (weapon)
 h - a +0 short sword
 i - a +0 dagger
Armour
 b - a +0 robe
 c - a +0 hat (worn)
 k - a +0 scale mail (worn)
Jewellery
 f - a ring of ice
 v - a ring of protection from fire
Scrolls
 e - a scroll of identify {unknown}
 j - a scroll of amnesia {unknown}
 l - 3 scrolls of brand weapon {unknown}
 m - a scroll of butterflies {unknown}
 o - a scroll of silence {unknown}
 q - a scroll of fear {unknown}
 w - a scroll of enchant armour {unknown}
Potions
 d - a potion of magic
 n - a potion of attraction {unknown}
 p - a potion of might {unknown}
 r - a potion of heal wounds
 s - a potion of degeneration {unknown}
 t - a potion of enlightenment {unknown}
 u - a potion of mutation {unknown}
 x - a potion of brilliance {unknown}


   Skills:
 - Level 1.5 Fighting
 + Level 3.2 Axes
 - Level 1.3 Dodging
 - Level 2.1 Stealth
 - Level 2.6 Spellcasting
 - Level 0.8 Conjurations
 - Level 0.7 Summonings
 - Level 1.0 Translocations


You had 7 spell levels left.
You knew the following spells:

 Your Spells              Type           Power      Damage    Failure   Level
a - Magic Dart            Conj           16%        1d3       47%         1

Your spell library contained the following spells:

 Spells                   Type           Power      Damage    Failure   Level
 Slow                     Hex            4%         N/A       58%         1
 Blink                    Tloc           8%         N/A       58%         2
 Call Imp                 Summ           6%         N/A       65%         2
 Cigotuvi's Dreadful Rot  Necr/Alch/Air  2%         N/A       75%         2
 Volatile Blastmotes      Fire/Tloc      6%         2d10      88%         3
 Mephitic Cloud           Conj/Alch/Air  2%         N/A       90%         3
 Fulminant Prism          Conj/Alch      1%         3d5       99%         4
 Iskenderun's Mystic Bla  Conj/Tloc      4%         2d3       99%         4


Dungeon Overview and Level Annotations

Branches:
Dungeon (5/15)
 Temple: D:4-7

Altars:
Ru

Annotations:
D:3 Ijyb


Innate Abilities, Weirdness & Mutations

Armour fits poorly on your strangely shaped body.
You have extremely tough skin. (AC +3)
You have a long armoured tail.
You regenerate magic when rolling toward enemies. (Rampage MPRegen)


Message History

You tail-slap the iguana, but do no damage.
The iguana is lightly wounded.
The iguana bites you.
You hit the iguana but do no damage. You punch the iguana, but do no damage.
The iguana is lightly wounded.
The iguana bites you. x2
You hit the iguana but do no damage.
The iguana is lightly wounded.
The iguana bites you but does no damage.
You hit the iguana.
The iguana is moderately wounded.
The iguana bites you.
* * * LOW HITPOINT WARNING * * *
You hit the iguana.
Your tail-slap misses the iguana.
The iguana is moderately wounded.
The iguana bites you.
* * * LOW HITPOINT WARNING * * *
It was a potion of curing.
You feel better. The iguana bites you.
* * * LOW HITPOINT WARNING * * *
You feel better. The iguana bites you.
* * * LOW HITPOINT WARNING * * *
It was a potion of heal wounds.
You feel much better. The iguana bites you!
You hit the iguana but do no damage. You tail-slap the iguana.
The iguana is severely wounded.
The iguana bites you.
You hit the iguana but do no damage.
The iguana is severely wounded.
The iguana bites you.
You hit the iguana but do no damage.
The iguana is severely wounded.
The iguana bites you!
* * * LOW HITPOINT WARNING * * *
You hit the iguana but do no damage.
You tail-slap the iguana, but do no damage.
The iguana is severely wounded.
The iguana barely misses you.
You hit the iguana.
Your tail-slap misses the iguana.
The iguana is almost dead.
The iguana barely misses you. The iguana bites you!
You die...

#. #.# # ..
#$# #. .##.###
.( ..... #.
...
#.##.#######
#......$....
######l#.#####
#....@.# #
#.####.# ###


You could see an iguana.

Vanquished Creatures
  A bombardier beetle (D:3)
  2 ribbon worms
  A dart slug (D:2)
  3 orcs (D:3)
  8 ball pythons
  11 endoplasms
  3 giant cockroaches
  4 goblins
  6 hobgoblins
  4 jackals (D:1)
  4 quokkas
  6 bats
  3 frilled lizards
  5 kobolds
  2 rats
63 creatures vanquished.

Notes
Turn   | Place    | Note
-------+----------+-------------------------------------------
     0 | D:1      | SnakkuSnakku7 the Armataur Hedge Wizard began the quest for
                  | the Orb.
     0 | D:1      | Reached XP level 1. HP: 14/14 MP: 4/4
    73 | D:1      | Reached skill level 1 in Fighting
   154 | D:1      | Reached XP level 2. HP: 20/23 MP: 5/5
   413 | D:1      | Reached skill level 1 in Axes
   519 | D:1      | Reached XP level 3. HP: 20/28 MP: 7/7
   867 | D:2      | Reached skill level 2 in Axes
  1605 | D:3      | Reached XP level 4. HP: 33/35 MP: 8/8
  1642 | D:3      | Found a sacrificial altar of Ru.
  1806 | D:3      | Reached skill level 3 in Axes
  1938 | D:3      | Noticed Ijyb
  2005 | D:4      | Noticed an ogre
  2025 | D:5      | Entered Level 5 of the Dungeon
  2048 | D:5      | Slain by an iguana

Illustrated notes

Levels and vault maps discovered:
D:1:      nzn_arrival_crosshair, layout_loops_ring, hex_medium,
          patterned_corridor
D:2:      layout_loops_cross
D:3:      layout_rooms, nicolae_ru_sacrificial_ziggurat, uniq_ijyb
D:4:      layout_rooms, nicolae_overflow_quartered_altars,
          nicolae_concentric_dashed_squares_wild,
          nicolae_kite_square_tiling_tiny
D:5:      layout_basic, minmay_temple_entry_sparse_star, uniq_pikel

Skill      XL: |  1  2  3  4 |
---------------+-------------+-----
Fighting       | 1 |  1.5
Axes           | 1 2 3 |  3.2
Dodging        | |  1.3
Stealth        | |  2.1
Spellcasting   | |  2.6
Conjurations   | |  0.8
Summonings     | |  0.7
Translocations | |  1.0

Action                     |  1- 3 |  4- 6 || total
---------------------------+-------+-------++-------
  Melee: Dagger            |    18 |       ||    18
         Short sword       |    13 |       ||    13
         Tailslap          |    15 |     6 ||    21
         Hand axe          |   151 |    68 ||   219
         Punch             |       |     1 ||     1
    Use: Potion            |     1 |     3 ||     4
   Stab: Sleeping          |     3 |       ||     3
 Armour: Robe              |    40 |       ||    40
         Scale mail        |   106 |    63 ||   169
  Dodge: Dodged            |    92 |    32 ||   124
